 Dungeon Crawl Stone Soup version 0.24-a0-644-g049a785 (webtiles) character file.

Game seed: 12569781616874913880, levelgen mode: deterministic

1177 grunklefungus the Carver (level 8, -2/69 (70) HPs)
             Began as a Minotaur Berserker on Sept 18, 2019.
             Was a Priest of Trog.
             Killed from afar by an orc wizard (7 damage)
             ... with a magic dart
             ... on level 5 of the Dungeon on Sept 26, 2019.
             The game lasted 00:31:21 (3523 turns).

grunklefungus the Carver (Minotaur Berserker)       Turns: 3523, Time: 00:31:22

HP:   -2/69 (70)    AC: 10    Str: 31    XL:     8   Next: 18%
MP:   7/7           EV: 10    Int:  4    God:    Trog [***...]
Gold: 174           SH:  0    Dex: 10    Spells: 7/7 levels left

rFire    . . .     SeeInvis .   C - +2 flail (drain)
rCold    . . .     Gourm    .   (no shield)
rNeg     . . .     Faith    .   k - +0 chain mail
rPois    .         Spirit   .   (helmet restricted)
rElec    .         Reflect  .   (no cloak)
rCorr    .         Harm     .   (no gloves)
MR       .....                  (no boots)
Stlth    ..........             (no amulet)
HPRegen  0.21/turn              r - +2 ring of strength
MPRegen  0.10/turn              (no ring)

@: mighty, lethally poisoned (-2 -> -4), slowed, very slow
A: retaliatory headbutt, horns 2
a: Berserk, Trog's Hand, Renounce Religion


You were on level 5 of the Dungeon.
You worshipped Trog.
Trog was most pleased with you.
You were not hungry.

You visited 1 branch of the dungeon, and saw 5 of its levels.

You collected 174 gold pieces.

Inventory:

Hand Weapons
 a - a +0 falchion
 e - a +0 whip
 j - a +0 hunting sling
 C - a +2 flail of draining (weapon)
Missiles
 g - 41 arrows
 v - 36 sling bullets
Armour
 b - a +0 animal skin
 d - a +0 scale mail
 k - a +0 chain mail (worn)
Jewellery
 r - a +2 ring of strength (left hand)
 t - a cursed -4 ring of dexterity {unknown}
 u - an uncursed ring of wizardry {unknown}
 z - an uncursed ring of protection from magic {unknown}
Scrolls
 m - a scroll of blinking {unknown}
 o - a scroll of immolation
 p - 3 scrolls of teleportation
 w - a scroll of magic mapping {unknown}
 y - a scroll of enchant armour {unknown}
 B - 2 scrolls of remove curse
Potions
 f - 2 potions of lignification
 h - 2 potions of curing {unknown}
 i - a potion of brilliance
 l - a potion of haste {unknown}
 n - a potion of flight {unknown}
 s - 2 potions of heal wounds {unknown}
 x - a potion of magic {unknown}
 A - 3 potions of cancellation {unknown}
Comestibles
 c - 3 rations


   Skills:
 + Level 5.8 Fighting
 + Level 8.4 Long Blades
 + Level 2.7 Maces & Flails
 + Level 6.3 Armour
 + Level 3.5 Dodging
 + Level 1.0 Stealth


You had 7 spell levels left.
You didn't know any spells.
Your spell library was empty.

Dungeon Overview and Level Annotations

Branches:
Dungeon (5/15)             Temple (0/1) D:4

Altars:
Ashenzari
Elyvilon
Kikubaaqudgha
Vehumet
Zin


Innate Abilities, Weirdness & Mutations

You reflexively headbutt those who attack you in melee.
You have a pair of horns on your head.


Message History

As you read the scroll of identify, it crumbles to dust.
q - a potion of might You feel sick.
You feel very mighty all of a sudden.
You feel sick.
The orc wizard points at you and mumbles some strange words.
The magic dart hits you.
* * * LOW HITPOINT WARNING * * *
The orc wizard casts a spell at you.
You feel yourself slow down.
You feel sick.
The orc wizard is no longer moving quickly.
You feel sick.
The orc wizard gestures at you while chanting.
You resist with some effort.
A howler monkey skeleton comes into view.
You feel sick.
The orc wizard gestures at you while chanting.
The magic dart hits you!
You die...

##......... .......... ...
#... #......Z#####.## ....
#.........##...###..#
##.###.....[....##....#..##
............................
.#...........#.............
.........@...#.........[..
#.....%#.#o##..........<.
##......###.>#.#.........#
###.......####.#......<.....
#.......(..###..............
..##..((..(#.)....##.....#..
##.....([())..##.....###.
#.....(......#........ .
#......................


You could see an orc wizard and a howler monkey skeleton.

Vanquished Creatures
  Sigmund (D:3)
  A necrophage (D:2)
  2 centaurs
  A scorpion (D:4)
  A howler monkey (D:4)
  3 vampire bats (D:2)
  2 centaur skeletons (D:4)
  A jelly (D:4)
  4 orc wizards
  5 orc priests
  2 worker ants
  5 adders
  A howler monkey skeleton (D:5)
  A shadow imp (D:5)
  An ooze (D:2)
  2 worms (D:3)
  3 dart slugs
  3 leopard geckos (D:1)
  13 orcs
  A ball python (D:2)
  2 bat skeletons (D:2)
  4 bat zombies (D:2)
  2 giant cockroaches
  5 goblins
  12 hobgoblins
  4 jackals
  A quokka (D:2)
  5 bats
  5 frilled lizards
  8 kobolds
  A leopard gecko skeleton (D:3)
  7 rats
109 creatures vanquished.

Notes
Turn   | Place    | Note
-------+----------+-------------------------------------------
     0 | D:1      | grunklefungus the Minotaur Berserker began the quest for
                  | the Orb.
     0 | D:1      | Reached XP level 1. HP: 19/19 MP: 0/0
   227 | D:1      | Reached XP level 2. HP: 23/27 MP: 1/1
   402 | D:1      | Reached skill level 4 in Long Blades
   839 | D:1      | Reached XP level 3. HP: 33/33 MP: 2/2
   908 | D:1      | Upgraded the game from 0.24-a0-619-gb7544fd to
                  | 0.24-a0-631-g346d576
   908 | D:1      | Upgraded the game from 0.24-a0-631-g346d576 to
                  | 0.24-a0-644-g049a785
  1288 | D:2      | Found a white marble altar of Elyvilon.
  1449 | D:2      | Reached ** piety under Trog
  1552 | D:2      | Reached XP level 4. HP: 29/41 MP: 3/3
  1774 | D:2      | Noticed a necrophage
  1788 | D:2      | Killed a necrophage
  1788 | D:2      | Reached skill level 5 in Long Blades
  1788 | D:2      | Reached XP level 5. HP: 44/46 MP: 4/4
  1848 | D:2      | Found an ancient bone altar of Kikubaaqudgha.
  1853 | D:2      | Reached skill level 1 in Stealth
  1870 | D:2      | Reached skill level 5 in Fighting
  1870 | D:2      | Reached skill level 6 in Long Blades
  1870 | D:2      | Reached XP level 6. HP: 55/55 MP: 5/5
  1976 | D:3      | Noticed Sigmund
  2006 | D:3      | Killed Sigmund
  2070 | D:3      | Reached skill level 7 in Long Blades
  2070 | D:3      | Reached XP level 7. HP: 24/60 MP: 6/6
  2150 | D:3      | Found a shattered altar of Ashenzari.
  2242 | D:3      | Found a radiant altar of Vehumet.
  2316 | D:3      | Found a glowing silver altar of Zin.
  2492 | D:4      | Reached skill level 5 in Armour
  2892 | D:4      | Reached *** piety under Trog
  2892 | D:4      | Reached skill level 8 in Long Blades
  2942 | D:4      | Reached skill level 1 in Maces & Flails
  3136 | D:4      | Reached XP level 8. HP: 47/69 MP: 7/7
  3313 | D:4      | Found a staircase to the Ecumenical Temple.
  3455 | D:5      | Entered Level 5 of the Dungeon
  3523 | D:5      | Killed from afar by an orc wizard

Levels and vault maps discovered:
D:1:      minmay_arrival_stone_box, layout_loops_corners
D:2:      layout_loops_ring, elyvilon_altar_1, kennysheep_vampire_church,
          minmay_tripent
D:3:      layout_basic, ashenzari_conservatory_becter, vehumet_crystals,
          lemuel_round_altar, first_ration, uniq_sigmund
D:4:      layout_basic, temple_statues
D:5:      layout_cave_pools, lemuel_doored_altar,
          chequers_serial_rivers_micro_a, uniq_crazy_yiuf_cottage

Skill      XL: |  1  2  3  4  5  6  7  8 |
---------------+-------------------------+-----
Fighting       | 4 5 |  5.8
Long Blades    | 4 5 6 7 8 |  8.4
Armour         | 3 4 6 |  6.3
Dodging        | 3 |  3.5
Stealth        | 1 |  1.0
Maces & Flails | 1 2 |  2.7

Action                   |  1- 3 |  4- 6 |  7- 9 || total
-------------------------+-------+-------+-------++-------
Melee: Falchion          |   110 |    56 |    78 ||   244
       Headbutt          |    22 |    13 |    22 ||    57
       Flail             |       |       |    44 ||    44
Invok: Trog's Hand       |       |     1 |     1 ||     2
  Use: Scroll            |     4 |     2 |     2 ||     8
       Potion            |       |       |     1 ||     1
 Stab: Sleeping          |     1 |       |       ||     1
  Eat: Ration            |     1 |       |     2 ||     3
       Chunk             |       |       |     1 ||     1
Armor: Animal skin       |     7 |       |       ||     7
       Chain mail        |    28 |    44 |    93 ||   165
Dodge: Dodged            |    53 |    41 |    68 ||   162
       Rpst.: Falchion   |    12 |    11 |     6 ||    29

Table legend:
 A = Non-vault XP
 B = Vault XP
 C = Vault XP percentage of total XP
 D = Non-vault monster count
 E = Vault monster count
 F = Vault count percentage of total count
                 A         B        C        D         E       F
            +---------+---------+-------+---------+---------+-------
      Total |    1278 |     404 |  24.0 |      97 |      12 |  11.0
            +---------+---------+-------+---------+---------+-------
        D:1 |      47 |       0 |   0.0 |      26 |       0 |   0.0
        D:2 |     199 |     177 |  47.1 |      22 |      11 |  33.3
        D:3 |     179 |     227 |  55.9 |      13 |       1 |   7.1
        D:4 |     627 |       0 |   0.0 |      29 |       0 |   0.0
        D:5 |     226 |       0 |   0.0 |       7 |       0 |   0.0
            +---------+---------+-------+---------+---------+-------
